 Dungeon Crawl Stone Soup version 0.30-a0-800-g7c544603b3 (webtiles) character file.

Game seed: 15497213588565306151

14 sircluck the Sneak (level 2, -4/17 HPs)
             Began as a Kobold Brigand on Feb 22, 2023.
             Slain by an iguana (10 damage)
             ... on level 4 of the Dungeon.
             The game lasted 00:01:20 (652 turns).

sircluck the Sneak (Kobold Brigand)                  Turns: 652, Time: 00:01:20

Health: -4/17      AC:  3    Str:  8    XL:     2   Next: 60%
Magic:  2/2        EV: 14    Int: 12    God:
Gold:   91         SH:  0    Dex: 16    Spells: 1/1 levels left

rFire   . . .      SeeInvis .    a - +2 dagger
rCold   . . .      Faith    .    (no shield)
rNeg    . . .      Spirit   .    b - +0 robe
rPois   .          Reflect  .    (no helmet)
rElec   .          Harm     .    c - +0 cloak
rCorr   .          Rampage  .    (no gloves)
Will    .....                    (no boots)
Stlth   ++++                     (no amulet)
HPRegen 0.22/turn                (no ring)
MPRegen 0.08/turn                (no ring)

@: no status effects
A: small, no large weapons, nightstalker 3
a: no special abilities


You were on level 4 of the Dungeon.
You visited 1 branch of the dungeon, and saw 4 of its levels.

You collected 91 gold pieces.

Inventory:

Hand Weapons
 a - a +2 dagger (weapon)
Missiles
 d - 7 poisoned darts (quivered)
 e - 3 curare-tipped darts
Armour
 b - a +0 robe (worn)
 c - a +0 cloak (worn)
Jewellery
 h - a ring of positive energy
 j - a ring of see invisible
 l - a ring of magical power
Wands
 n - a wand of flame (6)
Scrolls
 k - a scroll of fear {unknown}
Potions
 f - a potion of resistance {unknown}
 g - a potion of mutation {unknown}
 i - a potion of degeneration {unknown}
 m - a potion of flight {unknown}


   Skills:
 + Level 2.1 Fighting
 + Level 2.7 Short Blades
 + Level 2.4 Throwing
 + Level 1.2 Dodging
 + Level 6.0 Stealth


You had one spell level left.
You didn't know any spells.
Your spell library was empty.

Dungeon Overview and Level Annotations

Branches:
Dungeon (4/15)
 Temple: D:4-7

Altars:

Shops:
D:2 ([**

Annotations:
D:2 Sigmund


Innate Abilities, Weirdness & Mutations

You are small and have problems with some larger weapons.
You are completely attuned to the shadows.


Message History

m - a murky dark potion A sourceless malevolence fills the Dungeon...
You fall into a shaft and drop 2 floors!
The shaft crumbles and collapses.
Found a stone staircase leading up.
There is a stone staircase leading up here.
n - a wand of flame (7)
A ball python comes into view.
A ball python is nearby!
The helpless ball python fails to defend itself.
You stick the ball python like a pincushion!!!
You kill the ball python!
There is a stone staircase leading up here.
You climb upwards.
There is a stone staircase leading down here.
You climb downwards.
There is a stone staircase leading up here.
An iguana comes into view.
An iguana is nearby!
An iguana is nearby!
An iguana is nearby!
The iguana hisses angrily.
The iguana bites you but does no damage.
You closely miss the iguana. The iguana bites you!
Ouch! That really hurt!
You are too injured to fight recklessly!
You are too injured to fight recklessly!
You are too injured to fight recklessly!
You are too injured to fight recklessly!
You are too injured to fight recklessly!
You are too injured to fight recklessly!
You are too injured to fight recklessly!
Aiming: Throw Flame
Press: ? - help, Q - select action, (/) - cycle Shift-Dir - straight line, f - iguana
Aim: an iguana (72% to hit)
The puff of flame hits the iguana.
The iguana is moderately wounded.
The iguana bites you!
Ouch! That really hurt!
You die...

..# #.# #.# #l#
#..# #@# #..#
#.# #..# #.#
#..#####
##.######.......
#.........#.###
####.<########.#
......# #.#
####.## #.#
####.#### ...


You could see an iguana.

Vanquished Creatures
  2 ball pythons
  A bat (D:2)
  An endoplasm (D:1)
  3 giant cockroaches (D:1)
  A hobgoblin (D:1)
  4 kobolds
  A rat (D:1)
13 creatures vanquished.

Notes
Turn   | Place    | Note
-------+----------+-------------------------------------------
     0 | D:1      | sircluck the Kobold Brigand began the quest for the Orb.
     0 | D:1      | Reached XP level 1. HP: 12/12 MP: 1/1
   193 | D:1      | Reached XP level 2. HP: 17/17 MP: 2/2
   396 | D:2      | Found Xeoth's Antique Armour Shop.
   423 | D:2      | Found Gophem's Antique Weapon Shop.
   433 | D:2      | Reached skill level 6 in Stealth
   494 | D:2      | Found Fyagryc's Assorted Antiques.
   532 | D:2      | Found Wuhan's General Store.
   535 | D:2      | Noticed Sigmund
   556 | D:2      | You fall into a shaft and drop 2 floors!
   652 | D:4      | Slain by an iguana

Illustrated notes

Levels and vault maps discovered:
D:1:      lemuel_arrival_river_bridge, layout_rooms, minmay_misc_feat_cross
D:2:      layout_loops_ring, shapermc_ecumenical_altar_mp_vishouse,
          serial_shops, nicolae_shop_hallway_plus, nicolae_shop_crystal,
          nicolae_shop_waterfront, nicolae_shop_stone, shop,
          minmay_pentomino_pile, uniq_sigmund
D:3:      layout_loops_ring, lightli_temple_of_fire, chequers_decorated_corner,
          kennysheep_nub, kennysheep_generic_room_3
D:4:      minmay_razor_zed, layout_loops_ring, uniq_pikel

Skill      XL: |  1  2 |
---------------+-------+-----
Stealth        | 6 |  6.0
Fighting       | |  2.1
Short Blades   | |  2.7
Throwing       | |  2.4
Dodging        | |  1.2

Action                     || total
---------------------------++-------
  Melee: Dagger            ||    20
  Throw: Dart              ||     5
  Evoke: Wand              ||     1
   Stab: Sleeping          ||     9
 Armour: Robe              ||     1
  Dodge: Dodged            ||     7

Table legend: (Time is in decaauts)
 A = Elapsed time spent in this place.
 B = Non-inter-level travel time spent in this place.
 C = Inter-level travel time spent in this place.
 D = Time resting spent in this place.
 E = Time spent auto-exploring this place.
 F = Levels seen in this place.
 G = Mean time per level.
                   A        B        C        D        E       F      G
               +--------+--------+--------+--------+--------+-----+--------+
         Total |    649 |    640 |      9 |      0 |    466 |   4 |  162.2 |
       Dungeon |    649 |    640 |      9 |      0 |    466 |   4 |  162.2 |
               +--------+--------+--------+--------+--------+-----+--------+

Top non-repeatable levels by time:
     D:1: 391 daAuts
     D:2: 162 daAuts
     D:4: 94 daAuts
     D:3: 1 daAuts
